 Dungeon Crawl Stone Soup version 0.30.0-10-gfe55d96785 (webtiles) character file.

Game seed: 4805666735475040389

4569 hawla the Reanimator (level 11, -6/100 (109) HPs)
             Began as a Meteoran Necromancer on May 14, 2023.
             Was a Believer of Ashenzari.
             Mangled by Erica
             ... wielding a +2 scimitar of flaming
              (11 damage)
             ... on level 9 of the Dungeon.
             The game lasted 00:28:30 (3930 turns).

hawla the Reanimator (Meteoran Necromancer)         Turns: 3930, Time: 00:28:30

HP:   -6/100 (109)  AC: 25    Str: 11    XL:     11   Next: 0%
MP:   10/26         EV:  2    Int: 20    God:    Ashenzari [**....]
Gold: 440           SH:  0    Dex: 15    Spells: 15/30 levels left

rFire   . . .        g - +2 falchion (holy)
rCold   . . .        (no shield)
rNeg    . . .        a - melded +2 robe "Share My Disgust" {Melee, Cun} (curse)
rPois   +            q - melded +1 helmet "Esoteric Adversity" {Comp, Bglg} (curse)
rElec   .            i - melded +1 cloak "Shackled With Me" {Cun, Fort} (curse)
rCorr   .            b - melded +0 pair of gloves
SInv    +            j - melded +0 pair of boots
Will    +....        (no amulet)
Stlth   +            (no ring)
HPRegen 0.36/turn    (no ring)
MPRegen 0.20/turn

%: no passive effects
@: tree-form, animating dead, glowing, drained
A: stationary, stasis, torment immunity, boosted hp, sense surroundings 3,
otherworldly, glowing, explore regen, frail 1, mutation resistance 1
a: Renounce Religion, Shatter the Chains


You were on level 9 of the Dungeon.
You worshipped Ashenzari.
Ashenzari was pleased with you.
You were a tree.
You visited 1 branch of the dungeon, and saw 9 of its levels.
You also visited: Sewer and Ossuary.

You collected 440 gold pieces.

Inventory:

Hand Weapons
 g - a +2 falchion of holy wrath (weapon)
Armour
 a - the cursed +2 robe "Share My Disgust" (melded) {Melee, Cun}

   It has a curse which improves the following skills: Melee Combat: Short
   Blades, Long Blades, Axes, Maces & Flails, Polearms, Staves and Unarmed
   Combat.
   Cunning:   Dodging and Stealth.
 b - a +0 pair of gloves (melded)
 i - the cursed +1 cloak "Shackled With Me" (melded) {Cun, Fort}
   (You found it on level 4 of the Dungeon)

   It has a curse which improves the following skills: Cunning: Dodging and
   Stealth.
   Fortitude: Armour and Shields.
 j - a +0 pair of boots (melded)
 p - +0 steam dragon scales
 q - the cursed +1 helmet "Esoteric Adversity" (melded) {Comp, Bglg}
   (You found it on level 8 of the Dungeon)

   It has a curse which improves the following skills: Companions: Summonings
   and Necromancy.
   Beguiling: Conjurations, Hexes and Translocations.
Wands
 f - a wand of mindburst (14)
Scrolls
 r - 3 scrolls of fog
Potions
 c - 4 potions of curing
 e - a potion of flight
 l - 2 potions of haste
 m - 2 potions of resistance
 o - 3 potions of brilliance
 t - a potion of lignification
Miscellaneous
 d - a phial of floods


   Skills:
 + Level 3.5 Fighting
 + Level 5.6 Long Blades
 + Level 5.7 Dodging
 - Level 2.6 Stealth
 + Level 10.3 Spellcasting
 + Level 10.9 Necromancy
 + Level 3.0 Evocations


You had 15 spell levels left.
You knew the following spells:

 Your Spells              Type           Power      Damage    Failure   Level
a - Necrotise             Necr           100%       1d9       1%          1
b - Vampiric Draining     Necr           52%        2d9       1%          3
c - Animate Dead          Necr           52%        N/A       1%          4
d - Agony                 Necr           52%        N/A       1%          5
e - Blink                 Tloc           20%        N/A       10%         2

Your spell library contained the following spells:

 Spells                   Type           Power      Damage    Failure   Level
 Lesser Beckoning         Tloc           20%        N/A       10%         2
 Momentum Strike          Conj/Tloc      20%        3d8       10%         2


Dungeon Overview and Level Annotations

Branches:
Dungeon (9/15) Zot: 1530    Sewer (visited)         Ossuary (visited)
 Temple: D:4-7         Lair: D:8-11         Orc: D:9-12

Altars:
Ashenzari
Nemelex Xobeh
Okawaru
Ru
Trog
Uskayaw
Zin

Shops:
D:7 (   D:9 [

Annotations:
D:9 Erica


Innate Abilities, Weirdness & Mutations

You are a tree.
Your roots penetrate the ground, keeping you stationary.
You cannot be teleported.
You are immune to unholy pain and torment.
Your maximum health is greatly increased.
Your equipment is partially melded.
You passively map a large area around you.
You are easily found by Zot.
You glow in the dark.
You regain HP and MP as you explore.
You are frail. (-10% HP)
You are somewhat resistant to further mutation.


Message History

You feel better.
You feel yourself speed up. The hornet completely misses you.
Erica hits you but does no damage.
The hornet stings you but does no damage.
Really quaff the potion of lignification? [Y]es or [N]o only, please.
Really quaff the potion of lignification? [Y]es or [N]o only, please.
Really quaff the potion of lignification?
You turn into a tree.
The cursed +1 cloak "Shackled With Me" {Cun, Fort} melds into your body.
The cursed +1 helmet "Esoteric Adversity" {Comp, Bglg} melds into your body.
Your +0 pair of gloves melds into your body.
Your +0 pair of boots melds into your body.
The cursed +2 robe "Share My Disgust" {Melee, Cun} melds into your body.
Your roots penetrate the ground.
The hornet stings you but does no damage.
Erica hits you but does no damage.
The hornet stings you but does no damage.
Casting: Vampiric Draining (safe; 1% risk of failure)
Confirm with . or Enter, or press ? or * to list all spells.
Aiming: Vampiric Draining (safe; 1% risk of failure)
Press: ? - help, Shift-Dir - straight line, f/p - hornet
Aim: a hornet (severely wounded)
You draw life force from the hornet!
You kill the hornet!
You feel life coursing into your body.
The dead are flying!
Erica hits you with a +2 scimitar of flaming!
* * * LOW HITPOINT WARNING * * *
Erica burns you.
* * * LOW HITPOINT WARNING * * *
You have reached level 11!
Casting: Vampiric Draining (safe; 1% risk of failure)
Confirm with . or Enter, or press ? or * to list all spells.
Aiming: Vampiric Draining (safe; 1% risk of failure)
Press: ? - help, Shift-Dir - straight line, f - Erica
Aim: Erica, wielding a +2 scimitar of flaming and wearing a +2 robe of positive energy (slightly transparent)
You draw life force from Erica.
You feel life coursing into your body.
Erica hits you with a +2 scimitar of flaming!
You die...

#.# * * * #.# ,
* ** ##.## ,* *
* #####...####.
* ,,
#............#
*, * ,
##.###...######
* , , , ***
#.......## ,,
....###..# * #,
* ,.. #♣.# **
** * . , , , ,
#Z@# ,, , ***,
,, ,, ....#* ,*
, *#.....#* * ,
, , , ,*
<......# * * ,
, *.........# ,
, , , ,,,, ,
.........+ ,,
,,* * ,, *
#.........# , ,
* , , * ,


You could see Erica (invisible) and a friendly hornet zombie.

Vanquished Creatures
  2 hornets (D:9)
  4 yaks (D:8)
  2 steam dragons (D:7)
  Menkaure (D:7)
  A water moccasin (D:7)
  3 orc warriors
  3 sky beasts
  3 ice beasts
  Pargi (Sewer)
  An ogre (D:5)
  3 elf zombies (Ossuary)
  A kobold brigand (D:8)
  2 bullfrogs
  3 scorpions
  7 wights
  3 killer bees (D:9)
  A hound (D:4)
  5 orc priests
  An iguana (D:5)
  6 orc wizards
  2 hound zombies (Ossuary)
  3 mummies (Ossuary)
  4 gnolls (D:5)
  2 adders
  A shadow imp (D:7)
  2 ufetubi
  3 adder zombies (Ossuary)
  3 dart slugs
  16 orcs
  An endoplasm (D:4)
  2 giant cockroaches
  A goblin (D:2)
  2 hobgoblins
  5 quokkas (D:6)
  A ball python (D:1)
  3 frilled lizards
  A gnoll zombie (Ossuary)
  3 goblin zombies (Ossuary)
  6 hobgoblin zombies (Ossuary)
  4 jackal zombies (Ossuary)
  16 kobolds
  3 kobold zombies (Ossuary)
  2 orc zombies (Ossuary)
  5 quokka zombies (Ossuary)
  A rat zombie (Ossuary)
145 creatures vanquished.

Vanquished Creatures (collateral kills)
  A yak (D:8)
  An orc warrior (D:9)
  A kobold brigand (D:8)
  A wight (D:9)
  An iguana (D:5)
  An orc wizard (D:9)
  3 orcs
  2 kobolds (D:8)
11 creatures vanquished.

Vanquished Creatures (others)
  A bullfrog zombie (D:8)
  A scorpion zombie (D:7)
  2 killer bee zombies (D:9)
  A steam dragon zombie (D:7)
  3 kobold zombies (D:8)
  15 orc zombies
23 creatures vanquished.

Grand Total: 179 creatures vanquished

Notes
Turn   | Place    | Note
-------+----------+-------------------------------------------
     0 | D:1      | hawla the Meteoran Necromancer began the quest for the Orb.
     0 | D:1      | Reached XP level 1. HP: 14/14 MP: 5/5
    50 | D:1      | Reached XP level 2. HP: 15/20 MP: 0/6
    87 | D:2      | Found a glowing silver altar of Zin.
   106 | D:2      | Reached XP level 3. HP: 24/26 MP: 0/8
   147 | D:3      | Reached skill level 5 in Necromancy
   184 | D:3      | Learned a level 3 spell: Vampiric Draining
   237 | D:3      | Found a broken altar of Ashenzari.
   281 | D:3      | Became a worshipper of Ashenzari the Shackled
   314 | D:3      | Reached XP level 4. HP: 28/33 MP: 8/10
   319 | D:3      | Learned a level 4 spell: Animate Dead
   454 | D:4      | Noticed a scorpion
   466 | D:4      | Killed a scorpion
   467 | D:4      | Reached XP level 5. HP: 30/38 MP: 7/11
   605 | D:5      | Entered Level 5 of the Dungeon
   642 | D:5      | Reached XP level 6. HP: 21/45 MP: 1/12
   662 | D:5      | Found a bloodstained altar of Trog.
   931 | D:5      | Noticed a sky beast
   953 | D:5      | Killed a sky beast
   954 | D:5      | Reached skill level 1 in Fighting
   954 | D:5      | Reached XP level 7. HP: 7/52 MP: 5/14
  1104 | D:5      | Reached skill level 5 in Spellcasting
  1428 | D:6      | Reached XP level 8. HP: 35/59 MP: 0/17
  1470 | D:6      | Found a glowing drain.
  1508 | Sewer    | Entered a sewer
  1575 | Sewer    | Noticed Pargi
  1582 | Sewer    | Killed Pargi
  1583 | Sewer    | Reached skill level 1 in Long Blades
  1791 | D:7      | Found a sacrificial altar of Ru.
  1795 | D:7      | Noticed Menkaure
  1800 | D:7      | Gained mutation: You passively map the area around you.
                  | [Meteoran growth]
  1800 | D:7      | Reached XP level 9. HP: 64/67 MP: 3/20
  1814 | D:7      | Killed Menkaure
  1964 | D:7      | Found Pacar's Weapon Shop.
  2009 | D:7      | Found an iron altar of Okawaru.
  2113 | D:8      | Found a sand-covered staircase.
  2118 | Ossuary  | Entered an ossuary
  2478 | D:8      | Noticed a +0 dagger
  2482 | D:8      | Reached XP level 10. HP: 75/75 MP: 19/23
  2482 | D:8      | Noticed a +0 dagger
  2490 | D:8      | Found a hide-covered altar of Uskayaw.
  2511 | D:8      | Reached skill level 5 in Long Blades
  2511 | D:8      | Reached skill level 5 in Dodging
  2511 | D:8      | Reached skill level 1 in Evocations
  2864 | D:8      | Reached skill level 10 in Necromancy
  2892 | D:8      | Reached * piety under Ashenzari
  2894 | D:8      | Gained mutation: You are frail. (-10% HP) [potion of
                  | mutation]
  2894 | D:8      | Gained mutation: You passively map a large area around you.
                  | [potion of mutation]
  2894 | D:8      | Gained mutation: You are somewhat resistant to further
                  | mutation. [potion of mutation]
  3397 | D:8      | Learned a level 5 spell: Agony
  3400 | D:8      | Learned a level 2 spell: Blink
  3520 | D:9      | Found a sparkling altar of Nemelex Xobeh.
  3658 | D:9      | Reached ** piety under Ashenzari
  3691 | D:9      | Found Mecynt's Antique Armour Shop.
  3792 | D:9      | Reached skill level 10 in Spellcasting
  3807 | D:9      | Paralysed by a hornet for 2 turns
  3919 | D:9      | Noticed Erica
  3923 | D:9      | Paralysed by a hornet for 3 turns
  3926 | D:9      | HP: 2/59 [Erica/+2 scimitar of flaming (4)]
  3930 | D:9      | Reached XP level 11. HP: 3/67 MP: 12/26
  3930 | D:9      | Mangled by Erica

Illustrated notes

Levels and vault maps discovered:
D:1:      elethiomel_arrival_shortcut, layout_basic,
          dreamdust_ecumenical_altar_angels_and_demons, serial_shops, shop,
          minmay_tetromino_o4
D:2:      layout_basic, basic_altar
D:3:      layout_rooms, ashenzari_altar_1, nrook_campfire
D:4:      dreamdust_elfheim, layout_basic
D:5:      layout_basic, mainiacjoe_overflow_tiny_flanked
D:6:      layout_basic, pdpol_wu_jian_five_deadly_venoms, lemuel_doored_altar,
          kennysheep_orc_sif_temple, portal_sewer_entry_f
D:7:      layout_rooms, nicolae_ru_sacrificial_ziggurat,
          overflow_temple_1_default, minmay_temple_entry_hall, serial_shops,
          kennysheep_little_box, serial_bayou_crossing, uniq_menkaure
D:8:      layout_gridville, dancing_weapons_uskayaw,
          nicolae_ossuary_entry_false_entrances
D:9:      layout_loops_corners, nemelex_spade_bored_becter, serial_shops, shop,
          minivault_25, uniq_erica

Skill      XL: |  1  2  3  4  5  6  7  8  9 10 |
---------------+-------------------------------+-----
Spellcasting   | 3 4 5 7 8 10 | 10.3
Necromancy     | 5 6 7 8 9 10 | 10.9
Fighting       | 1 2 3 |  3.5
Stealth        | 2 |  2.6
Dodging        | 3 4 5 |  5.7
Long Blades    | 2 4 5 |  5.6
Evocations     | 3 |  3.0

Action                     |  1- 3 |  4- 6 |  7- 9 | 10-12 || total
---------------------------+-------+-------+-------+-------++-------
  Melee: Falchion          |     8 |    15 |   180 |    44 ||   247
         Punch             |       |       |     4 |     1 ||     5
   Cast: Necrotise         |    29 |    29 |    75 |    51 ||   184
         Animate Dead      |       |     3 |     5 |     5 ||    13
         Vampiric Draining |       |     6 |    24 |    34 ||    64
 Invoke: Curse Item        |       |     1 |       |     2 ||     3
    Use: Scroll            |       |     8 |     4 |     2 ||    14
         Potion            |       |     1 |     5 |     4 ||    10
   Stab: Distracted        |       |       |     1 |       ||     1
 Armour: Robe              |       |    27 |   145 |    53 ||   225
         Skin              |       |       |       |     3 ||     3
  Dodge: Dodged            |    11 |    26 |   185 |   105 ||   327
